 Dungeon Crawl Stone Soup version 0.29-a0-823-gc37b1572da (webtiles) character file.

Game seed: 12447729300598445023

282 IdlyInterested the Chopper (level 6, -4/48 HPs)
             Began as a Demonspawn Fighter on July 8, 2022.
             Slain by an orc
             ... wielding a +0 trident
              (6 damage)
             ... on level 3 of the Dungeon.
             The game lasted 00:04:16 (2230 turns).

IdlyInterested the Chopper (Demonspawn Fighter)     Turns: 2230, Time: 00:04:17

Health: -4/48      AC:  6    Str: 19    XL:     6   Next: 6%
Magic:  6/6        EV:  9    Int:  9    God:
Gold:   194        SH:  4    Dex: 12    Spells: 5/5 levels left

rFire   . . .      SeeInvis .   a - +0 war axe
rCold   . . .      Faith    .   c - +0 buckler
rNeg    . . .      Spirit   .   b - +0 scale mail
rPois   +          Reflect  .   (no helmet)
rElec   .          Harm     .   (no cloak)
rCorr   +          Rampage  .   (no gloves)
Will    .....                   (no boots)
Stlth   ..........              (no amulet)
HPRegen 0.16/turn               f - ring of poison resistance
MPRegen 0.10/turn               m - ring of resist corrosion

@: no status effects
A: hooves 2, demonic magic 1
a: no special abilities


You were on level 3 of the Dungeon.
You visited 1 branch of the dungeon, and saw 3 of its levels.

You collected 194 gold pieces.

Inventory:

Hand Weapons
 a - a +0 war axe (weapon)
 p - a +2 flail of protection
Armour
 b - a +0 scale mail (worn)
 c - a +0 buckler (worn)
Jewellery
 f - a ring of poison resistance (left hand)
 m - a ring of resist corrosion (right hand)
Scrolls
 e - 2 scrolls of identify
 h - a scroll of amnesia {unknown}
 k - a scroll of acquirement {unknown}
 l - a scroll of enchant armour {unknown}
 n - a scroll of teleportation
Potions
 d - a potion of might
 g - a potion of brilliance
 i - a potion of berserk rage {unknown}
 j - a potion of invisibility {unknown}
 o - a potion of resistance {unknown}


   Skills:
 + Level 4.2 Fighting
 * Level 4.3 Axes
 - Level 3.0 Armour
 + Level 1.8 Dodging
 - Level 3.0 Shields


You had 5 spell levels left.
You didn't know any spells.
Your spell library contained the following spells:

 Spells                   Type           Power      Damage    Failure   Level
 Confusing Touch          Hex            0%         N/A       99%         3
 Yara's Violent Unravell  Hex/Tmut       0%         3d3       100%        5
 Enfeeble                 Hex            0%         N/A       100%        7


Dungeon Overview and Level Annotations

Branches:
Dungeon (3/15)

Altars:
Sif Muna


Innate Abilities, Weirdness & Mutations

You have hoof-like feet.
Spells you cast may paralyse adjacent enemies.


Message History

The kobold closely misses you.
You hit the kobold but do no damage.
The orc hits you from afar with a +0 trident.
The kobold hits you but does no damage.
You barely miss the kobold. The orc barely misses you.
The kobold hits you but does no damage. You block the orc's attack.
The kobold barely misses you.
You slash the kobold!
You kill the kobold!
The orc hits you but does no damage.
You hit the orc.
You kill the orc!
The orc hits you but does no damage.
You slash the orc!
You kill the orc!
The orc hits you from afar with a +0 trident.
The orc closely misses you. The hobgoblin hits you.
You hit the hobgoblin. Your kick misses the hobgoblin.
The hobgoblin is moderately wounded.
The hobgoblin hits you but does no damage.
The orc hits you from afar with a +0 trident!
You closely miss the hobgoblin.
The hobgoblin is moderately wounded.
The orc hits you from afar with a +0 trident.
* * * LOW HITPOINT WARNING * * *
The hobgoblin hits you.
* * * LOW HITPOINT WARNING * * *
You slash the hobgoblin!
You kill the hobgoblin!
The orc barely misses you.
The endoplasm hits you but does no damage.
The orc misses you.
You hit the endoplasm. You kick the endoplasm.
You kill the endoplasm!
The orc hits you from afar with a +0 trident!
* * * LOW HITPOINT WARNING * * *
You slash the hobgoblin!
You kill the hobgoblin!
The orc hits you from afar with a +0 trident.
You die...

# #.#######..
####.# . #....#
#.####
##.##########
#............
######..####.....
........#.##..###
######.#.#@)o...#
#.##)##..#... #.
#.# .... #. ...
#### ##.#.##
#.#.# # #.. ###


You could see an orc.

Vanquished Creatures
  Sigmund (D:2)
  Jessica (D:2)
  A gnoll (D:1)
  An adder (D:3)
  A worm (D:3)
  A dart slug (D:2)
  6 orcs
  5 bats
  8 endoplasms
  2 giant cockroaches (D:1)
  4 goblins
  10 hobgoblins
  A quokka (D:1)
  3 ball pythons
  4 frilled lizards
  8 kobolds
  6 rats
63 creatures vanquished.

Notes
Turn   | Place    | Note
-------+----------+-------------------------------------------
     0 | D:1      | IdlyInterested the Demonspawn Fighter began the quest for
                  | the Orb.
     0 | D:1      | Reached XP level 1. HP: 18/18 MP: 1/1
    91 | D:1      | Gained mutation: You have large cloven feet. [demonic
                  | ancestry]
    91 | D:1      | Reached XP level 2. HP: 16/24 MP: 2/2
   479 | D:1      | Reached XP level 3. HP: 28/29 MP: 3/3
   736 | D:1      | Found a faded altar of an unknown god.
  1117 | D:2      | Noticed Jessica
  1122 | D:2      | Killed Jessica
  1123 | D:2      | Reached XP level 4. HP: 29/35 MP: 4/4
  1530 | D:2      | Found a shimmering blue altar of Sif Muna.
  1579 | D:2      | Noticed Sigmund
  1592 | D:2      | Killed Sigmund
  1593 | D:2      | Reached skill level 1 in Dodging
  1593 | D:2      | Gained mutation: Spells you cast may paralyse adjacent
                  | enemies. [demonic ancestry]
  1593 | D:2      | Reached XP level 5. HP: 42/42 MP: 5/5
  2135 | D:3      | Gained mutation: You have hoof-like feet. [demonic
                  | ancestry]
  2135 | D:3      | Reached XP level 6. HP: 46/48 MP: 6/6
  2229 | D:3      | HP: 2/48 [orc/+0 trident (7)]
  2230 | D:3      | Slain by an orc

Illustrated notes

Levels and vault maps discovered:
D:1:      minmay_arrival_jagged, layout_loops_ring,
          chequers_ecumenical_altar_simple_redux, serial_bayou_ford_a,
          nicolae_grassy_gnolls
D:2:      layout_loops_corners, basic_altar, uniq_sigmund, uniq_jessica
D:3:      layout_loops_cross, mainiacjoe_overflow_tiny_flanked,
          cheibriados_altar_1, st_stairs_12

Skill      XL: |  1  2  3  4 |
---------------+-------------+-----
Axes           | 2 3 4 |  4.3
Armour         | 3 |  3.0
Shields        | 3 |  3.0
Fighting       | 4 |  4.2
Dodging        | 1 |  1.8

Action                   |  1- 3 |  4- 6 || total
-------------------------+-------+-------++-------
Melee: War axe           |    62 |    69 ||   131
       Kick              |     8 |    13 ||    21
  Use: Potion            |     4 |       ||     4
       Scroll            |     2 |       ||     2
Armor: Scale mail        |    16 |    26 ||    42
Dodge: Dodged            |    26 |    34 ||    60
Block: Buckler           |    23 |    10 ||    33

Table legend: (Time is in decaauts)
 A = Elapsed time spent in this place.
 B = Non-inter-level travel time spent in this place.
 C = Inter-level travel time spent in this place.
 D = Time resting spent in this place.
 E = Time spent auto-exploring this place.
 F = Levels seen in this place.
 G = Mean time per level.
                   A        B        C        D        E       F      G
               +--------+--------+--------+--------+--------+-----+--------+
         Total |   2272 |   2206 |     66 |    189 |   1593 |   3 |  757.3 |
       Dungeon |   2272 |   2206 |     66 |    189 |   1593 |   3 |  757.3 |
               +--------+--------+--------+--------+--------+-----+--------+

Top non-repeatable levels by time:
     D:1: 1131 daAuts
     D:2: 1027 daAuts
     D:3: 114 daAuts
